 Dungeon Crawl Stone Soup version 0.22.0 (webtiles) character file.

1285 Blackhawk the Shield-Bearer (level 8, 0/100 HPs)
             Began as a Gnoll Fighter on Oct 22, 2018.
             Was a Believer of Trog.
             Killed by divine providence
             ... invoked by an orc priest
              (16 damage)
             ... on level 6 of the Dungeon.
             The game lasted 00:08:17 (4165 turns).

Blackhawk the Shield-Bearer (Gnoll Fighter)         Turns: 4165, Time: 00:08:18

Health: 0/100      AC: 10    Str: 25    XL:     8   Next: 55%
Magic:  12/12      EV: 10    Int: 10    God:    Trog [**....]
Gold:   258        SH: 12    Dex: 16    Spells: 13/13 levels left

rFire    . . .     SeeInvis .   C - +5 rapier
rCold    . . .     Gourm    .   c - +0 shield
rNeg     . . .     Faith    .   b - +0 scale mail
rPois    .         Spirit   .   (no helmet)
rElec    .         Reflect  .   (no cloak)
rCorr    .         Harm     .   (no gloves)
MR       .....                  o - +1 pair of boots
Stlth    ..........             (no amulet)
HPRegen  0.26/turn              (no ring)
MPRegen  0.13/turn              (no ring)

@: berserking, very quick
A: distributed training, fangs 1, strong nose
a: Berserk, Trog's Hand, Renounce Religion


You were on level 6 of the Dungeon.
You worshipped Trog.
Trog was pleased with you.
You were hungry.

You visited 1 branch of the dungeon, and saw 6 of its levels.

You collected 258 gold pieces.

Inventory:

Hand Weapons
 a - a +0 flail
 k - a +0 hunting sling
 p - a +1 spear of freezing
 B - a +3 trident
 C - a +5 rapier (weapon)
Armour
 b - a +0 scale mail (worn)
 c - a +0 shield (worn)
 o - a +1 pair of boots (worn)
 y - a cursed -2 cloak
Jewellery
 q - an uncursed ring of see invisible {unknown}
 z - an uncursed ring of wizardry {unknown}
Wands
 s - a wand of flame (28)
 A - a wand of enslavement (14)
Scrolls
 e - 2 scrolls of magic mapping {unknown}
 j - a scroll of enchant weapon {unknown}
 m - 4 scrolls of identify {unknown}
 n - 2 scrolls of amnesia {unknown}
 r - 2 scrolls of enchant armour {unknown}
 t - 4 scrolls of teleportation {unknown}
 u - a scroll of remove curse {unknown}
 w - a scroll of blinking {unknown}
Potions
 d - a potion of might
 g - 2 potions of degeneration {unknown}
 h - a potion of haste {unknown}
 i - 3 potions of lignification {unknown}
 l - 3 potions of curing
 x - a potion of invisibility {unknown}
Comestibles
 f - 10 rations


   Skills:
 + Level 7.4 Fighting
 + Level 3.3 Short Blades
 + Level 3.3 Long Blades
 + Level 3.3 Axes
 + Level 5.7 Maces & Flails
 + Level 3.3 Polearms
 + Level 3.3 Staves
 + Level 3.3 Slings
 + Level 3.3 Bows
 + Level 3.3 Crossbows
 + Level 3.3 Throwing
 + Level 7.4 Armour
 + Level 3.3 Dodging
 + Level 3.3 Stealth
 + Level 7.4 Shields
 + Level 3.3 Unarmed Combat
 + Level 3.3 Spellcasting
 + Level 2.7 Conjurations
 + Level 2.7 Hexes
 + Level 2.7 Charms
 + Level 2.7 Summonings
 + Level 2.7 Necromancy
 + Level 2.7 Translocations
 + Level 2.7 Transmutations
 + Level 2.7 Fire Magic
 + Level 2.7 Ice Magic
 + Level 2.7 Air Magic
 + Level 2.7 Earth Magic
 + Level 2.7 Poison Magic
 + Level 3.6 Invocations
 + Level 3.3 Evocations


You had 13 spell levels left.
You didn't know any spells.
Your spell library was empty.

Dungeon Overview and Level Annotations

Branches:
Dungeon (6/15)
 Temple: D:4-7

Altars:
Elyvilon
Gozag
Qazlal
Sif Muna
Trog
Wu Jian
Xom
Yredelemnul


Innate Abilities, Weirdness & Mutations

Your experience applies equally to all skills.
You have very sharp teeth.
Your uncanny sense of smell can sniff out nearby items.


Message History

* * * LOW HITPOINT WARNING * * *
A red film seems to cover your vision as you go berserk!
You feel yourself moving faster!
You feel mighty!
You are feeling hungry.
You block the orc priest's attack.
The orc wizard shouts!
You hit the orc priest.
The orc priest is moderately wounded.
The orc priest hits you but does no damage.
You puncture the orc priest!
The orc priest is almost dead.
The orc wizard mumbles some strange words.
The orc wizard seems to speed up.
You barely miss the orc warrior. You bite the orc warrior.
The orc warrior is lightly wounded.
The orc wizard gestures wildly while chanting.
The orc wizard blinks!
The orc priest mumbles some strange prayers to Beogh against you.
Beogh smites you!
You die...

.........######.......
.......<............>.
....####.#####.....§..
. #...# #....o...
#.[.# #........ #...##
#....$... #....#
#oo...... ∆ #....#
#o##########
#....###@#........#
#.....##.#........#
#...#.##.#........#
#...#..#.#........# ∆
#...##.#.#........#
#...##...#........#
..................#
#..................#
..................#


You could see an orc warrior and 3 orc priests.

Vanquished Creatures
  3 phantoms
  4 ogres
  A scorpion (D:6)
  A howler monkey (D:3)
  2 orc wizards
  An orc priest (D:4)
  A bullfrog skeleton (D:4)
  2 hounds
  A centaur skeleton (D:4)
  An iguana (D:5)
  6 worker ants
  Ijyb (D:5)
  A hound skeleton (D:4)
  A howler monkey skeleton (D:5)
  2 adders
  7 gnolls
  An ooze (D:1)
  An adder skeleton (D:4)
  2 worms (D:3)
  A dart slug (D:3)
  2 leopard geckos (D:1)
  15 orcs
  4 bats
  6 hobgoblins
  3 quokkas
  A ball python skeleton (D:4)
  A frilled lizard (D:3)
  6 goblins
  5 kobolds
  A quokka skeleton (D:4)
  6 rats
90 creatures vanquished.

Notes
Turn   | Place    | Note
-------+----------+-------------------------------------------
     0 | D:1      | Blackhawk the Gnoll Fighter began the quest for the Orb.
     0 | D:1      | Reached XP level 1. HP: 23/23 MP: 1/1
   106 | D:1      | Reached XP level 2. HP: 29/29 MP: 2/2
   442 | D:2      | Reached XP level 3. HP: 34/35 MP: 3/3
   874 | D:2      | Reached skill level 1 in Invocations
  1006 | D:2      | Found a shimmering altar of Xom.
  1008 | D:2      | Found a shimmering altar of Xom.
  1019 | D:2      | Found a shimmering altar of Xom.
  1096 | D:2      | Found a bloodstained altar of Trog.
  1102 | D:2      | Became a worshipper of Trog the Wrathful
  1161 | D:3      | Reached skill level 1 in Short Blades
  1161 | D:3      | Reached skill level 1 in Long Blades
  1161 | D:3      | Reached skill level 1 in Axes
  1161 | D:3      | Reached skill level 1 in Polearms
  1161 | D:3      | Reached skill level 1 in Staves
  1161 | D:3      | Reached skill level 1 in Slings
  1161 | D:3      | Reached skill level 1 in Bows
  1161 | D:3      | Reached skill level 1 in Crossbows
  1161 | D:3      | Reached skill level 1 in Throwing
  1161 | D:3      | Reached skill level 1 in Dodging
  1161 | D:3      | Reached skill level 1 in Stealth
  1161 | D:3      | Reached skill level 1 in Unarmed Combat
  1161 | D:3      | Reached skill level 1 in Spellcasting
  1161 | D:3      | Reached skill level 1 in Evocations
  1165 | D:3      | Reached XP level 4. HP: 40/41 MP: 5/5
  1345 | D:3      | Reached skill level 1 in Conjurations
  1345 | D:3      | Reached skill level 1 in Hexes
  1345 | D:3      | Reached skill level 1 in Charms
  1345 | D:3      | Reached skill level 1 in Summonings
  1345 | D:3      | Reached skill level 1 in Necromancy
  1345 | D:3      | Reached skill level 1 in Translocations
  1345 | D:3      | Reached skill level 1 in Transmutations
  1345 | D:3      | Reached skill level 1 in Fire Magic
  1345 | D:3      | Reached skill level 1 in Ice Magic
  1345 | D:3      | Reached skill level 1 in Air Magic
  1345 | D:3      | Reached skill level 1 in Earth Magic
  1345 | D:3      | Reached skill level 1 in Poison Magic
  1457 | D:3      | Found an opulent altar of Gozag.
  1839 | D:4      | Reached XP level 5. HP: 32/47 MP: 6/6
  2000 | D:3      | Reached * piety under Trog
  2041 | D:4      | Noticed an ogre
  2064 | D:3      | Reached XP level 6. HP: 46/53 MP: 8/8
  2111 | D:4      | Reached skill level 5 in Maces & Flails
  2309 | D:4      | Reached XP level 7. HP: 49/59 MP: 10/10
  2340 | D:4      | Found a stormy altar of Qazlal.
  2341 | D:4      | Noticed an air elemental
  2345 | D:4      | Noticed a water elemental
  2345 | D:4      | Noticed a fire elemental
  2672 | D:4      | Found a basalt altar of Yredelemnul.
  2863 | D:5      | Entered Level 5 of the Dungeon
  3260 | D:5      | Reached XP level 8. HP: 44/67 MP: 12/12
  3420 | D:5      | Found a shimmering altar of Xom.
  3866 | D:5      | Noticed Ijyb
  3905 | D:5      | Killed Ijyb
  3922 | D:5      | Reached ** piety under Trog
  3935 | D:5      | Found an ornate altar of the Wu Jian Council.
  3999 | D:5      | Found a deep blue altar of Sif Muna.
  4002 | D:5      | Found a white marble altar of Elyvilon.
  4165 | D:6      | Killed from afar by an orc priest

Skill      XL: |  1  2  3  4  5  6  7  8 |
---------------+-------------------------+-----
Invocations    | 1 2 3 |  3.6
Short Blades   | 1 2 3 |  3.3
Long Blades    | 1 2 3 |  3.3
Axes           | 1 2 3 |  3.3
Polearms       | 1 2 3 |  3.3
Staves         | 1 2 3 |  3.3
Slings         | 1 2 3 |  3.3
Bows           | 1 2 3 |  3.3
Crossbows      | 1 2 3 |  3.3
Throwing       | 1 2 3 |  3.3
Dodging        | 1 2 3 |  3.3
Stealth        | 1 2 3 |  3.3
Unarmed Combat | 1 2 3 |  3.3
Spellcasting   | 1 2 3 |  3.3
Evocations     | 1 2 3 |  3.3
Conjurations   | 1 2 |  2.7
Hexes          | 1 2 |  2.7
Charms         | 1 2 |  2.7
Summonings     | 1 2 |  2.7
Necromancy     | 1 2 |  2.7
Translocations | 1 2 |  2.7
Transmutations | 1 2 |  2.7
Fire Magic     | 1 2 |  2.7
Ice Magic      | 1 2 |  2.7
Air Magic      | 1 2 |  2.7
Earth Magic    | 1 2 |  2.7
Poison Magic   | 1 2 |  2.7
Maces & Flails | 5 |  5.7
Fighting       | 7 |  7.4
Armour         | 7 |  7.4
Shields        | 7 |  7.4

Action                   |  1- 3 |  4- 6 |  7- 9 || total
-------------------------+-------+-------+-------++-------
Melee: Flail             |    83 |    60 |       ||   143
       Bite              |     8 |    18 |    39 ||    65
       Spear             |       |    65 |   228 ||   293
       Rapier            |       |       |     4 ||     4
Invok: Berserk           |       |       |     1 ||     1
  Eat: Chunk             |     1 |     4 |     6 ||    11
Armor: Scale mail        |    37 |    45 |    76 ||   158
Dodge: Dodged            |    21 |    28 |    63 ||   112
Block: Shield            |    57 |    70 |   104 ||   231
